Map: Pride of Altaris LE

Players

A.I. 1 (Very Easy)

  • Race: Zerg Zerg

RumbleRandy - Winner!

  • Race: Terran Terran
  • League: Diamond

VOD

Have the link to the VOD?

Description

Time

  • Played on: Oct. 23, 2021, 10:40 p.m.
  • Length: 9:26
Show
View Real Time Build Order
Export as new Build Order

A.I. 1 (Very Easy) Zerg 

Build Orders: Pool Only 

Get SALT Encoding   

  12  0:01  Drone  
  13  0:12  Overlord  
  13  0:16  Drone  
  14  0:34  Spawning Pool  
  13  0:37  Drone  
  13  0:41  Extractor  
  13  0:44  Drone  
  14  0:52  Overlord  
  14  1:22  Queen, Zergling x2  
  17  1:31  Roach Warren  
  16  1:33  Drone  
  16  1:37  Extractor  
  16  1:42  Drone  
  17  1:50  Zergling x2  
  18  2:00  Drone  
  19  2:07  Drone  
  20  2:16  Drone  
  20  2:19  Zergling x2  
  22  2:26  Overlord  
  22  2:29  Drone  
  23  2:36  Drone  
  24  2:44  Drone  
  25  2:47  Roach  
  27  5:32  Zergling x2  
  23  5:44  Queen  
  23  5:46  Drone  
  19  5:54  Drone  
  4  6:00  Roach  
  4  6:01  Drone  
  6  6:08  Drone  
  6  6:15  Drone  
  6  6:22  Drone  
  6  6:29  Drone, Zergling x2  
  7  6:36  Drone  
  5  6:44  Drone  
  5  6:51  Drone  
  2  6:58  Roach, Drone  
  4  7:05  Drone  
Show
View Real Time Build Order
Export as new Build Order

RumbleRandy Terran - Winner!

Build Orders: 2 Factory, Reaper Expand, Mech 

Get SALT Encoding   

  12  0:00  SCV  
  13  0:12  SCV  
  14  0:17  Supply Depot  
  14  0:24  SCV  
  15  0:38  SCV  
  15  0:39  Barracks  
  16  0:43  Refinery  
  16  0:50  SCV  
  17  1:03  SCV  
  18  1:15  SCV  
  19  1:26  Reaper  
  19  1:27  Orbital Command  
  20  1:39  Command Center  
  20  1:47  Supply Depot  
  20  1:53  SCV  
  21  2:00  Marine  
  22  2:05  SCV  
  22  2:08  Factory  
  23  2:17  SCV  
  23  2:20  Barracks Reactor  
  24  2:29  SCV  
  25  2:41  SCV  
  25  2:42  Command Center  
  26  2:50  Orbital Command  
  26  2:53  SCV  
  27  3:00  Factory  
  27  3:07  Refinery  
  27  3:08  SCV  
  28  3:14  Hellion  
  28  3:16  SCV  
  31  3:23  SCV  
  31  3:25  Barracks Tech Lab  
  32  3:30  SCV  
  33  3:35  SCV  
  33  3:36  Supply Depot  
  36  3:42  SCV  
  35  3:49  Hellion x2  
  35  3:50  SCV  
  35  3:54  Infernal Pre-Igniter, SCV  
  35  3:55  Hellion  
  43  4:00  Orbital Command  
  43  4:02  SCV  
  44  4:06  SCV, Supply Depot  
  45  4:10  Hellion  
  45  4:11  Hellion  
  45  4:14  SCV  
  50  4:18  SCV  
  50  4:21  Refinery  
  50  4:23  Hellion  
  53  4:26  SCV  
  53  4:29  Supply Depot  
  54  4:32  Hellion  
  54  4:33  Hellion, SCV x2  
  60  4:43  SCV  
  63  4:49  Siege Tank  
  63  4:50  Factory  
  64  4:53  Hellion  
  64  4:54  Hellion, Supply Depot  
  64  4:56  Refinery, SCV  
  64  4:57  SCV x2  
  71  5:08  SCV  
  71  5:11  SCV x2  
  71  5:14  Hellion, Supply Depot  
  74  5:15  Hellion  
  74  5:20  SCV  
  79  5:21  Supply Depot  
  79  5:22  Hellion  
  79  5:23  Supply Depot  
  79  5:25  Orbital Command  
  79  5:27  SCV  
  82  5:32  SCV  
  83  5:36  Hellion  
  83  5:37  Factory Tech Lab, Hellion  
  83  5:42  Starport  
  90  6:00  Siege Tank  
  90  6:01  Siege Tank  
  90  6:02  SCV x3  
  95  6:14  SCV x3  
  98  6:19  Viking  
  100  6:26  SCV x3  
  100  6:31  Refinery  
  100  6:32  Refinery  
  101  6:37  Engineering Bay, Supply Depot  
  101  6:38  SCV x3, Supply Depot  
  101  6:39  Supply Depot  
  102  6:40  Supply Depot  
  102  6:41  Siege Tank x2  
  102  6:42  Hellion x2  
  112  6:50  SCV x2  
  112  6:51  SCV  
  113  6:56  Command Center  
  113  7:02  Armory, SCV  
  113  7:04  Armory  
  113  7:07  SCV  
  113  7:08  SCV  
  116  7:09  Marine  
  116  7:11  Hellion x2  
  116  7:13  Siege Tank x2  
  116  7:14  SCV  
  128  7:19  SCV  
  128  7:20  SCV  
  128  7:26  SCV, Marine  
  128  7:29  Sensor Tower  
  130  7:31  SCV  
  130  7:34  Factory  
  130  7:35  Hellion x2  
  130  7:36  Factory  
  135  7:41  SCV x2  
  135  7:44  SCV  
  138  7:45  Siege Tank x2  
  144  7:53  SCV x2  
  144  7:56  Hellion, Supply Depot  
  144  7:58  Supply Depot x2  
  148  8:00  Supply Depot x2  
  148  8:03  Marine  
  149  8:08  Hellion  
  151  8:17  SCV, Hellion  
  151  8:18  Hellion, SCV x2, Siege Tank  
  161  8:27  Factory Tech Lab x2  
  161  8:30  SCV  
  162  8:37  Refinery  
  162  8:38  Refinery, Sensor Tower  
  162  8:59  Command Center  
  180  9:03  Hellion x2  
  184  9:11  Factory x2  
  184  9:12  Factory  
Tags
 
Add a new tag
Caveats
  • Supply blocks, unpowered buildings, or Contaminate may cause inaccurate times.
  • Supply counts are checked every 10 seconds.